 Dungeon Crawl Stone Soup version 0.24-a0-106-gcea5463 (webtiles) character file.

Game seed: 824342697633231804

139 gruber the Shooter (level 5, -2/48 HPs)
             Began as a Centaur Hunter on Feb 13, 2019.
             Slain by a river rat (8 damage)
             ... on level 3 of the Dungeon.
             The game lasted 00:04:07 (2137 turns).

gruber the Shooter (Centaur Hunter)                 Turns: 2137, Time: 00:04:07

Health: -2/48      AC:  4    Str: 14    XL:     5   Next: 1%
Magic:  5/5        EV:  9    Int: 10    God:
Gold:   91         SH:  0    Dex: 11    Spells: 4/4 levels left

rFire    . . .     SeeInvis .   u - +2 dagger (venom)
rCold    . . .     Gourm    .   (no shield)
rNeg     . . .     Faith    .   c - +0 leather armour
rPois    .         Spirit   .   (no helmet)
rElec    .         Reflect  .   (no cloak)
rCorr    +         Harm     .   (no gloves)
MR       .....                  (no barding)
Stlth    +.........             (no amulet)
HPRegen  0.16/turn              m - ring of resist corrosion
MPRegen  0.09/turn              s - ring of wizardry

@: very quick
A: large, hooves 3, deformed body, speed 2, tough skin 3
a: no special abilities


You were on level 3 of the Dungeon.
You were hungry.

You visited 1 branch of the dungeon, and saw 3 of its levels.

You collected 91 gold pieces.

Inventory:

Hand Weapons
 a - a +1 shortbow
 k - a +0 spear
 u - a +2 dagger of venom (weapon)
Armour
 c - a +0 leather armour (worn)
Jewellery
 m - a ring of resist corrosion (left hand)
 s - a ring of wizardry (right hand)
Wands
 o - a wand of digging (4)
Scrolls
 b - a scroll of enchant weapon {unknown}
 e - 2 scrolls of identify {unknown}
 g - 2 scrolls of amnesia {unknown}
 h - a scroll of random uselessness {unknown}
 j - a scroll of blinking {unknown}
 p - a scroll of fog {unknown}
 r - a scroll of fear {unknown}
Potions
 i - 3 potions of heal wounds {unknown}
 l - a potion of degeneration {unknown}
 n - 4 potions of lignification {unknown}
 q - a potion of cancellation {unknown}
 t - a potion of invisibility {unknown}
Comestibles
 f - 6 rations


   Skills:
 - Level 5.0 Fighting
 - Level 0.2 Polearms
 * Level 5.6 Bows
 - Level 1.3 Dodging
 - Level 0.4 Stealth


You had 4 spell levels left.
You didn't know any spells.
Your spell library was empty.

Dungeon Overview and Level Annotations

Branches:
Dungeon (3/15)

Altars:
Dithmenos

Portals:
Sewer: D:3


Innate Abilities, Weirdness & Mutations

You have hooves in place of feet.
Armour fits poorly on your strangely shaped body.
You cover ground very quickly.
You have extremely tough skin. (AC +3)


Message History

Okay, then.
Firing (i - inventory) No suitable missiles.
Press: ? - help, Shift-Dir - straight line, f/p - river rat
Aim: a river rat
Okay, then.
Unknown command.
Wield which item (- for none, * to show all)? (? for menu, Esc to quit)
Your +2 dagger of venom begins to drip with poison!
u - a +2 dagger of venom (weapon)
You swing at nothing.
You swing at nothing.
You swing at nothing.
You hit the river rat.
The river rat is poisoned.
The river rat is moderately wounded.
The river rat bites you!
* * * LOW HITPOINT WARNING * * *
You barely miss the river rat.
The river rat is heavily wounded.
The river rat bites you!
You die...

#.# #.# #.###### #.#
#.###.#..#.) #.#
#.....#..).. #.#
####..####.. #.#
##.P..#'# #.# #....(.(
#.# #.......
#.#############.P####.
#....@rr...(.....#..#.
##############..P#..#.
#..P##†#. ##.......
####.##. #.... ####.
#. #†


You could see 2 river rats.

Vanquished Creatures
  4 adders
  A river rat (D:3)
  An ooze (D:1)
  2 dart slugs
  A leopard gecko (D:2)
  An orc (D:3)
  2 ball pythons (D:3)
  9 giant cockroaches
  8 goblins
  12 hobgoblins
  4 jackals (D:2)
  2 quokkas
  12 bats
  3 frilled lizards
  8 kobolds
  9 rats
79 creatures vanquished.

Notes
Turn   | Place    | Note
-------+----------+-------------------------------------------
     0 | D:1      | gruber the Centaur Hunter began the quest for the Orb.
     0 | D:1      | Reached XP level 1. HP: 17/17 MP: 1/1
   208 | D:1      | Reached XP level 2. HP: 25/25 MP: 2/2
   614 | D:1      | Reached XP level 3. HP: 28/31 MP: 3/3
  1035 | D:2      | Found a shadowy altar of Dithmenos.
  1378 | D:2      | Reached XP level 4. HP: 38/41 MP: 4/4
  1964 | D:3      | Reached skill level 5 in Fighting
  2073 | D:3      | Found a glowing drain.
  2115 | D:3      | Reached XP level 5. HP: 13/48 MP: 5/5
  2137 | D:3      | Slain by a river rat

Levels and vault maps discovered:
D:1:      dpeg_arrival_prison, layout_basic
D:2:      layout_basic, grunt_dithmenos_smoke, first_ration
D:3:      corexii_shack_village, layout_loops_ring, portal_sewer_entry_b

Skill      XL: |  1  2  3  4 |
---------------+-------------+-----
Fighting       | 3 4 5 |  5.0
Polearms       | |  0.2
Bows           | |  5.6
Dodging        | |  1.3
Stealth        | |  0.4

Action                   |  1- 3 |  4- 6 || total
-------------------------+-------+-------++-------
Melee: Short sword       |    67 |       ||    67
       Kick              |    21 |    17 ||    38
       Spear             |    66 |    54 ||   120
       Dagger            |       |    25 ||    25
 Fire: Shortbow          |    19 |    29 ||    48
  Eat: Chunk             |       |     2 ||     2
Armor: Leather armour    |    59 |    35 ||    94
Dodge: Dodged            |    63 |    37 ||   100

Table legend:
 A = Non-vault XP
 B = Vault XP
 C = Vault XP percentage of total XP
 D = Non-vault monster count
 E = Vault monster count
 F = Vault count percentage of total count
                 A         B        C        D         E       F
            +---------+---------+-------+---------+---------+-------
      Total |     155 |      44 |  22.1 |      61 |      18 |  22.8
            +---------+---------+-------+---------+---------+-------
        D:1 |      43 |       7 |  14.0 |      24 |       4 |  14.3
        D:2 |      67 |       0 |   0.0 |      24 |       0 |   0.0
        D:3 |      45 |      37 |  45.1 |      13 |      14 |  51.9
            +---------+---------+-------+---------+---------+-------
